 Dungeon Crawl Stone Soup version 0.23.0 (webtiles) character file.

Game seed: 1104140850500607064

46607 Borgoz the Slicer (level 14, -1/120 (121) HPs)
             Began as a Ghoul Monk on Feb 17, 2019.
             Was an Elder of Ashenzari.
             Engulfed by an ice statue's freezing vapour (2 damage)
             ... in an ice cave.
             The game lasted 00:48:29 (15756 turns).

Borgoz the Slicer (Ghoul Monk)                     Turns: 15756, Time: 00:48:30

HP:   -1/120 (121)  AC:  7    Str: 19    XL:     14   Next: 38%
MP:   0/21          EV: 26    Int:  5    God:    Ashenzari [****..]
Gold: 994           SH:  0    Dex: 20    Spells: 21/24 levels left

rFire    x . .     SeeInvis +   a - +1 dagger (elec)
rCold    + + .     Gourm    .   (no shield)
rNeg     + + +     Faith    .   y - +0 troll leather armour
rPois    ∞         Spirit   +   O - +2 helmet
rElec    .         Reflect  .   B - scarf {Spirit}
rCorr    .         Harm     .   (no gloves)
MR       +....     Clarity  +   (no boots)
Stlth    ++++++....             V - amulet of regeneration
HPRegen  0.00/turn              h - +3 ring of strength (curse)
MPRegen  0.17/turn              F - ring of ice

@: agile, rotting
A: rotting body, claws 1, carnivore, cold resistance 1, negative energy
resistance 3, inhibited regeneration, torment resistance, unbreathing
a: Curse Item, Scrying, Renounce Religion


You were in an ice cave.
You worshipped Ashenzari.
Ashenzari was greatly pleased with you.
You were not hungry.

You visited 3 branches of the dungeon, and saw 16 of its levels.
You visited 1 bazaar.
You also visited: Sewer, Bailey and Ice Cave.

You collected 1213 gold pieces.
You spent 219 gold pieces at shops.

Inventory:

Hand Weapons
 a - a +1 dagger of electrocution (weapon)
Missiles
 H - a throwing net (quivered)
Armour
 y - a +0 troll leather armour (worn)
 B - a scarf of spirit shield (worn)
 O - a +2 helmet (worn)
Jewellery
 b - an uncursed ring of fire
 h - a cursed +3 ring of strength (left claw)
 m - an uncursed ring of magical power
 E - an uncursed ring of protection from magic
 F - a ring of ice (right claw)
 S - a +4 ring of dexterity
 V - an amulet of regeneration (around neck)
Wands
 k - a wand of iceblast (15)
 q - a wand of acid (11)
 x - a wand of paralysis (17)
 z - a wand of digging (4)
 L - a wand of flame (22)
 R - a wand of scattershot (4)
Scrolls
 e - 3 scrolls of identify
 f - 2 scrolls of fog
 g - 8 scrolls of enchant armour
 i - 4 scrolls of remove curse
 j - a scroll of acquirement {unknown}
 p - 3 scrolls of amnesia {unknown}
 t - 4 scrolls of teleportation
 u - a scroll of fear
 w - 5 scrolls of enchant weapon {unknown}
 C - a scroll of random uselessness {unknown}
 D - 2 scrolls of magic mapping
 W - a scroll of noise {unknown}
 Y - 4 scrolls of blinking
Potions
 l - 7 potions of agility
 n - 6 potions of curing
 A - 2 potions of haste
 I - 7 potions of flight
 P - a potion of brilliance
Comestibles
 c - 37 rations


   Skills:
 + Level 10.3 Fighting
 * Level 11.9 Short Blades
 * Level 11.8 Dodging
 + Level 10.8 Stealth
 + Level 5.9 Spellcasting
 + Level 5.9 Hexes


You had 21 spell levels left.
You knew the following spells:

 Your Spells              Type           Power        Failure   Level  Hunger
a - Confuse               Hex            #.......     9%          3    ####...

Your spell library contained the following spells:

 Spells                   Type           Power        Failure   Level  Hunger
 Confusing Touch          Hex            #.....       3%          1    ##.....
 Dazzling Spray           Conj/Hex       #.....       30%         3    ####...
 Summon Guardian Golem    Hex/Summ       #.......     30%         3    ####...
 Animate Skeleton         Necr           N/A          34%         1    ##.....
 Apportation              Tloc           #.....       34%         1    ##.....
 Magic Dart               Conj           #...         34%         1    ##.....
 Summon Small Mammal      Summ           #...         34%         1    ##.....
 Call Imp                 Summ           #.......     47%         2    ###....
 Searing Ray              Conj           #.....       47%         2    ###....
 Call Canine Familiar     Summ           #.......     71%         3    ####...
 Gell's Gravitas          Tloc           #.........   71%         3    ####...
 Fulminant Prism          Conj/Hex       #.........   71%         4    #####..
 Metabolic Englaciation   Hex/Ice        #.........   96%         5    ######.
 Yara's Violent Unravell  Hex/Tmut       #.........   96%         5    ######.
 Force Lance              Conj/Tloc      #.......     98%         4    #####..
 Iskenderun's Mystic Bla  Conj           #.......     98%         4    #####..
 Petrify                  Tmut/Erth      #.......     98%         4    #####..
 Summon Ice Beast         Ice/Summ       #.......     98%         4    #####..
 Summon Lightning Spire   Summ/Air       #.......     98%         4    #####..
 Bolt of Magma            Conj/Fire/Erth #.........   100%        5    ######.
 Iskenderun's Battlesphe  Conj/Chrm      #.......     100%        5    ######.
 Venom Bolt               Conj/Pois      #.........   100%        5    ######.
 Iron Shot                Conj/Erth      #.........   100%        6    #######
 Orb of Destruction       Conj           #.........   100%        7    #######
 Spellforged Servitor     Conj/Summ      #.........   100%        7    #######


Dungeon Overview and Level Annotations

Branches:
Dungeon (11/15)            Temple (1/1) D:6            Lair (4/6) D:10
 Shoals (0/4) Lair:3        Snake (0/4) Lair:4          Orc (0/2) D:9

Altars:
Ashenzari
Cheibriados
Dithmenos
Elyvilon
Fedhas
Gozag
Hepliaklqana
Kikubaaqudgha
Makhleb
Nemelex Xobeh
Okawaru
Qazlal
Ru
Sif Muna
Trog
Uskayaw
Vehumet
Wu Jian
Xom
Yredelemnul
Zin
The Shining One

Shops:
D:6 (   D:8 *   D:11 ?%

Annotations:
D:9 2 transporters
Lair:2 exclusion: 4 oklob plants IceCv 1 transporter, exclusion: 2 ice statues


Innate Abilities, Weirdness & Mutations

Your body is rotting away.
You thrive on raw meat.
You are immune to poison.
You have sharp fingernails.
You are carnivorous and can eat meat at any time.
Your flesh is cold resistant. (rC+)
You are immune to negative energy. (rN+++)
You do not regenerate when monsters are visible.
You are immune to unholy pain and torment.
You can survive without breathing.


Message History

The bolt of cold misses you.
The ice statue glitters chillingly in the dim dungeon light.
You completely miss the ice statue.
The ice statue is moderately damaged.
You are engulfed in freezing vapours.
You resist.
* * * LOW HITPOINT WARNING * * *
The ice beast seems to regain its courage.
You hit the ice statue.
The ice statue is moderately damaged.
The ice statue gestures at you. The freezing blast engulfs you. You resist.
* * * LOW HITPOINT WARNING * * *
You hit the ice statue but do no damage.
The ice statue is moderately damaged.
You are engulfed in freezing vapours.
You resist.
* * * LOW HITPOINT WARNING * * *
You hit the ice statue.
The ice statue is moderately damaged.
You are engulfed in freezing vapours.
You resist.
You die...

###########
##...$©?...##
#...8.).8○°○#
##...Y$.!°☼☼°##
#...Y..)○.@○..#
#....8...8☼○☼.#
#.......☼○☼§☼.#
*#...Y....☼☼.##
#...........#
#.....©..Y.Y#
##.........##
##Y..∩...##
##.....##


You could see 2 ice statues and 6 ice beasts.

Vanquished Creatures
  Gastronok (Lair:2)
  An orc warlord (Bailey)
  Snorg (Lair:3)
  2 hydras
  A two-headed ogre (D:10)
  A tengu warrior (D:10)
  Urug (Lair:3)
  Pikel (D:4)
  2 orc knights (Bailey)
  3 ugly things
  A cyclops (D:11)
  A manticore (D:10)
  3 elephants (Lair:3)
  Maurice (D:10)
  2 merfolk sirens (Lair:3)
  Joseph (D:10)
  2 guardian serpents (D:11)
  A black mamba (Lair:3)
  A gargoyle (D:11)
  2 spiny frogs (Lair:3)
  A kobold demonologist (D:10)
  3 komodo dragons
  The ghost of Crl the Archer, an amateur CeHu (D:5)
  2 trolls
  2 polar bears (Lair:2)
  9 blink frogs (Lair:3)
  5 hippogriffs
  A wyvern (Lair:2)
  A vampire (D:9)
  19 yaks
  3 basilisks
  A steam dragon (D:9)
  Edmund (D:5)
  A hungry ghost (D:9)
  4 water moccasins
  16 orc warriors
  Purgy (Sewer)
  A black bear (Lair:2)
  A hornet zombie (D:9)
  6 sky beasts
  4 porcupines
  A slave (D:4)
  10 ice beasts
  2 eyes of draining
  5 necrophages (Lair:3)
  7 wolves
  5 phantoms
  3 centaurs
  4 ogres
  7 crocodiles
  9 bullfrogs
  3 scorpions
  A water moccasin skeleton (D:6)
  4 killer bees (D:11)
  A howler monkey (D:4)
  10 wights
  7 crimson imps
  4 centaur zombies
  A bullfrog zombie (D:7)
  7 hounds
  3 quasits (D:5)
  A jelly (D:9)
  11 orc priests
  12 orc wizards
  5 bullfrog skeletons
  A centaur skeleton (D:4)
  Crazy Yiuf (D:2)
  Jessica (D:2)
  Ijyb (D:4)
  4 iguanas
  7 worker ants
  5 hell rats (Lair:3)
  A hound skeleton (D:8)
  A hound zombie (D:6)
  27 gnolls
  11 adders
  2 shadow imps
  3 oozes
  An adder skeleton (D:4)
  A worm (D:4)
  A dart slug (D:1)
  5 leopard geckos
  79 orcs
  8 giant cockroaches
  21 hobgoblins
  13 jackals
  4 kobolds
  3 quokkas
  4 ball pythons
  6 bats
  5 frilled lizards
  20 goblins
  A jackal skeleton (D:4)
  4 rats
  2 rat zombies (D:7)
  A bush (D:1)
  2 fungi
481 creatures vanquished.

Vanquished Creatures (others)
  A slave (D:4)
  A fungus (Lair:3)
  3 plants
5 creatures vanquished.

Grand Total: 486 creatures vanquished

Notes
Turn   | Place    | Note
-------+----------+-------------------------------------------
     0 | D:1      | Borgoz the Ghoul Monk began the quest for the Orb.
     0 | D:1      | Reached XP level 1. HP: 19/19 MP: 0/0
   426 | D:1      | Reached XP level 2. HP: 26/26 MP: 1/1
  1096 | D:2      | Found a blossoming altar of Fedhas.
  1130 | D:2      | Reached XP level 3. HP: 25/27 MP: 2/2
  1211 | D:2      | Reached XP level 4. HP: 20/39 MP: 3/3
  1357 | D:2      | Noticed Jessica
  1367 | D:2      | Killed Jessica
  1750 | D:2      | Found a runed translucent door.
  1751 | D:2      | Noticed Crazy Yiuf
  1758 | D:2      | Killed Crazy Yiuf
  1839 | D:3      | Reached XP level 5. HP: 46/46 MP: 4/4
  2183 | D:3      | Reached XP level 6. HP: 51/52 MP: 5/5
  2535 | D:4      | Noticed Ijyb
  2613 | D:4      | Paralysed by Ijyb for 2 turns
  2617 | D:4      | Killed Ijyb
  2714 | D:4      | Reached XP level 7. HP: 60/60 MP: 6/6
  2746 | D:4      | Noticed Pikel
  2754 | D:4      | Killed Pikel
  2754 | D:4      | Reached skill level 5 in Fighting
  2754 | D:4      | Reached skill level 5 in Short Blades
  2754 | D:4      | Reached skill level 5 in Dodging
  2754 | D:4      | Reached XP level 8. HP: 57/68 MP: 7/7
  2967 | D:4      | Reached skill level 5 in Stealth
  3264 | D:5      | Entered Level 5 of the Dungeon
  3370 | D:5      | Noticed Edmund
  3410 | D:5      | Killed Edmund
  3727 | D:5      | Found a transporter.
  3728 | D:5      | Noticed Crl's ghost (amateur CeHu)
  3742 | D:5      | Found a transporter.
  4046 | D:5      | Reached XP level 9. HP: 52/75 MP: 8/8
  4450 | D:6      | Found a glowing drain.
  4503 | Sewer    | Entered a sewer
  4632 | Sewer    | Noticed Purgy
  4655 | Sewer    | Killed Purgy
  4800 | D:6      | Found a deep blue altar of Sif Muna.
  4888 | D:6      | Found Ucla's Antique Weapon Boutique.
  4913 | D:6      | Found a staircase to the Ecumenical Temple.
  5046 | Temple   | Entered the Ecumenical Temple
  5280 | Temple   | Became a worshipper of Ashenzari the Shackled
  5280 | Temple   | Reached * piety under Ashenzari
  5280 | Temple   | Reached ** piety under Ashenzari
  5746 | D:7      | Got the uncursed robe of Milusku {-Tele rPois Dex-5 Slay+5}
  5809 | D:7      | Learned a level 3 spell: Confuse
  5817 | D:7      | Found a hide-covered altar of Uskayaw.
  6150 | D:7      | Got the uncursed shield of Tulips {Int+4}
  6181 | D:7      | Found an ancient bone altar of Kikubaaqudgha.
  6236 | D:7      | Reached skill level 1 in Hexes
  6371 | D:7      | Reached skill level 1 in Spellcasting
  6371 | D:7      | Reached XP level 10. HP: 84/84 MP: 10/10
  7184 | D:8      | Found Razomeur's Assorted Antiques.
  7199 | D:8      | Bought a potion of heal wounds for 115 gold pieces
  7733 | D:8      | Reached *** piety under Ashenzari
  8009 | D:9      | Noticed a centaur warrior
  8010 | D:9      | Noticed an unseen horror
  8011 | D:9      | Found a transporter.
  8011 | D:9      | Found an opulent altar of Gozag.
  8012 | D:9      | Noticed a deep elf mage
  8017 | D:9      | Found a transporter.
  8052 | D:9      | Found a glowing golden altar of the Shining One.
  8075 | D:9      | Found a staircase to the Orcish Mines.
  8484 | D:9      | Found a burning altar of Makhleb.
  8595 | D:9      | Found an ornate altar of the Wu Jian Council.
  9054 | D:5      | Killed Crl's ghost
  9061 | D:5      | Reached XP level 11. HP: 59/92 MP: 13/13
  9385 | D:10     | Entered Level 10 of the Dungeon
  9523 | D:10     | Noticed Maurice
  9535 | D:10     | Killed Maurice
  9591 | D:10     | Reached **** piety under Ashenzari
  9602 | D:10     | Found a staircase to the Lair.
  9625 | D:10     | Noticed a manticore
  9642 | D:10     | Killed a manticore
  9712 | D:10     | Noticed Joseph
  9754 | D:10     | Killed Joseph
  9887 | D:10     | Noticed a two-headed ogre
  9898 | D:10     | HP: 4/94 [two-headed ogre/+0 giant club (27)]
  9913 | D:10     | Killed a two-headed ogre
 10046 | D:10     | Noticed a tengu warrior
 10050 | D:10     | Killed a tengu warrior
 10244 | D:11     | Noticed a cyan ugly thing
 10272 | D:11     | Killed a cyan ugly thing
 10653 | D:11     | Found a gateway to a bazaar.
 10659 | Bazaar   | Entered a bazaar
 10676 | Bazaar   | Found Gaaro's Food Emporium.
 10676 | Bazaar   | Found Xaorullu's Book Shoppe.
 10693 | Bazaar   | Found Xeblev's Book Emporium.
 10693 | Bazaar   | Found Mov Maom's Antique Armour Shoppe.
 10731 | Bazaar   | Found Zepsiruc's Weapon Emporium.
 10731 | Bazaar   | Found Kamiack's Weapon Shoppe.
 10810 | D:11     | Found a flagged portal.
 10819 | Bailey   | Entered a bailey
 11218 | Bailey   | Noticed an orc warlord
 11218 | Bailey   | Noticed an orc knight
 11219 | Bailey   | Noticed an orc knight
 11248 | Bailey   | Killed an orc warlord
 11248 | Bailey   | Reached skill level 10 in Short Blades
 11248 | Bailey   | Reached XP level 12. HP: 53/103 MP: 9/16
 11255 | Bailey   | Reached skill level 10 in Dodging
 11307 | Bailey   | Got the uncursed chain mail "Osmu" {rC++ Regen+ Int-3}
 11559 | D:11     | Found Asymeshi's Food Emporium.
 11682 | D:11     | Found Hagirig's Magic Scroll Emporium.
 11713 | D:11     | Bought a scroll of magic mapping for 56 gold pieces
 11713 | D:11     | Bought a scroll of teleportation for 48 gold pieces
 12155 | Lair:1   | Entered Level 1 of the Lair of Beasts
 12491 | Lair:1   | Noticed a five-headed hydra
 12523 | Lair:1   | Killed a five-headed hydra
 13082 | Lair:1   | Reached skill level 10 in Stealth
 13082 | Lair:1   | Reached skill level 5 in Spellcasting
 13082 | Lair:1   | Reached skill level 5 in Hexes
 13082 | Lair:1   | Reached XP level 13. HP: 111/111 MP: 17/19
 13144 | Lair:2   | Noticed Gastronok
 13185 | Lair:2   | Killed Gastronok
 14432 | Lair:3   | Reached XP level 14. HP: 95/119 MP: 18/21
 14455 | Lair:3   | Reached skill level 10 in Fighting
 14894 | Lair:3   | Noticed Urug
 14903 | Lair:3   | Killed Urug
 14970 | Lair:3   | Noticed Snorg
 15007 | Lair:3   | Killed Snorg
 15243 | Lair:3   | Found a staircase to the Shoals.
 15623 | Lair:4   | Found a frozen archway.
 15627 | IceCv    | Entered an ice cave
 15628 | IceCv    | Found a transporter.
 15699 | IceCv    | Found a transporter.
 15752 | IceCv    | HP: 6/120 [ice statue] (2)]
 15754 | IceCv    | HP: 2/120 [ice statue/freezing blast (1)]
 15756 | IceCv    | Engulfed by an ice statue's freezing vapour

Skill      XL: |  1  2  3  4  5  6  7  8  9 10 11 12 13 14 |
---------------+-------------------------------------------+-----
Short Blades   | 3 4 5 6 7 8 10 11 | 11.9
Dodging        | 3 4 5 6 7 8 9 11 | 11.8
Stealth        | 3 4 5 6 7 9 10 | 10.8
Fighting       | 4 5 6 7 8 9 10 | 10.3
Hexes          | 1 2 4 5 |  5.9
Spellcasting   | 1 2 3 5 |  5.9

Action                   |  1- 3 |  4- 6 |  7- 9 | 10-12 | 13-15 || total
-------------------------+-------+-------+-------+-------+-------++-------
Melee: Short sword       |   299 |    96 |   106 |   994 |       ||  1495
       Dagger            |       |    77 |   513 |    10 |   698 ||  1298
Throw: Throwing net      |       |       |       |     2 |       ||     2
 Cast: Confuse           |       |       |       |     2 |       ||     2
Invok: Curse Item        |       |       |     2 |       |       ||     2
Evoke: Wand              |       |       |       |     7 |    10 ||    17
  Use: Potion            |     1 |     3 |     1 |    13 |     5 ||    23
       Scroll            |       |       |       |    15 |     4 ||    19
 Stab: Sleeping          |     2 |     7 |    13 |    24 |     6 ||    52
       Distracted        |       |       |     2 |     1 |     1 ||     4
       Invisible         |       |       |       |    14 |       ||    14
       Paralysed         |       |       |       |     2 |     2 ||     4
       Held in net/web   |       |       |       |     1 |       ||     1
       Fleeing           |       |       |       |       |     1 ||     1
  Eat: Chunk             |     4 |    12 |    47 |    76 |    49 ||   188
Armor: Robe              |    10 |    12 |    15 |       |       ||    37
       Leather armour    |       |       |    32 |    78 |       ||   110
       Troll leather arm |       |       |       |     8 |    68 ||    76
Dodge: Dodged            |    46 |    80 |   297 |   573 |   463 ||  1459
